 Dungeon Crawl Stone Soup version bcrawl-1.13.5 (webtiles) character file.

Game seed: 16479519777183690975

107 MisterOstroum the Skirmisher (level 4, -6/38 HPs)
             Began as a Demonspawn Archaeologist on Aug 25, 2019.
             Was an Initiate of Okawaru.
             Killed by divine providence
             ... invoked by an orc priest
              (11 damage)
             ... on level 3 of the Dungeon.
             The game lasted 00:13:58 (4058 turns).

MisterOstroum the Skirmisher (DsAc)                 Turns: 4058, Time: 00:13:58

Health: -6/38      AC:  6    Str: 12    XL:     4   Next: 57%
Magic:  4/4        EV: 13    Int: 15    God:    Okawaru [......]
Gold:   128        SH:  0    Dex: 12    Spells: 3/3 levels left

rFire    . . .     SeeInvis +   p - +0 short sword
rCold    . . .     Gourm    +   (no shield)
rNeg     . . .     Faith    .   b - +1 robe
rPois    .         Spirit   .   c - +1 hat
rElec    .         Reflect  .   (no cloak)
rCorr    +         Harm     .   (no gloves)
MR       .....                  d - +1 pair of boots
Stlth    +++.......             u - amulet of the gourmand
HPRegen  0.12/turn              h - ring of flight
MPRegen  0.09/turn              k - ring of resist corrosion

@: studying Long Blades
A: antennae 1, see invisible, demonic guardian 1, nightstalker 1, robust 1
a: Renounce Religion, Evoke Flight


You were on level 3 of the Dungeon.
You worshipped Okawaru.
Okawaru was noncommittal.
You were full.

You visited 1 branch of the dungeon, and saw 3 of its levels.

You collected 128 gold pieces.

Inventory:

Hand Weapons
 a - a +0 whip
 p - a +0 short sword (weapon)
 v - a +0 dagger
 x - a +0 hunting sling
Missiles
 l - 83 tomahawks
 m - 78 javelins
 q - 714 stones (quivered)
 y - 235 sling bullets
Armour
 b - a +1 robe (worn)
 c - a +1 hat (worn)
 d - a +1 pair of boots (worn)
Jewellery
 h - a ring of flight (left hand)
 k - a ring of resist corrosion (right hand)
 s - a cursed ring of attention {unknown}
 u - an amulet of the gourmand (around neck)
 w - an uncursed amulet of magic regeneration {unknown}
Scrolls
 j - 2 scrolls of identify {@r1}
 o - 3 scrolls of enchant armour
 t - a scroll of immolation {unknown}
Potions
 i - 2 potions of brilliance
 n - a potion of mutation
 r - a potion of agility {unknown}
Books
 g - a manual of Long Blades
Miscellaneous
 f - an ancient crate
Comestibles
 e - 7 rations {!d}


   Skills:
 - Level 3.4 Fighting
 + Level 3.3 Long Blades
 - Level 1.1 Maces & Flails
 - Level 2.6 Dodging
 - Level 3.0 Stealth


You had 3 spell levels left.
You didn't know any spells.
Your spell library contained the following spells:

 Spells                   Type           Power        Failure   Level  Hunger
 Confuse                  Hex            #.......     63%         3    ####...
 Dazzling Spray           Conj/Hex       #.....       63%         3    ####...
 Petrify                  Tmut/Erth      #.......     95%         4    #####..
 Yara's Violent Unravell  Hex/Tmut       #.........   95%         4    #####..
 Metabolic Englaciation   Hex/Ice        #.........   100%        5    ######.
 Mana Rupture             Conj/Hex       #.........   100%        7    #######


Dungeon Overview and Level Annotations

Branches:
Dungeon (3/12)

Altars:
Makhleb
Okawaru


Innate Abilities, Weirdness & Mutations

You have a pair of small antennae on your head.
A weak demonic guardian rushes to your aid.
You are slightly more attuned to the shadows.
You have supernaturally acute eyesight. (SInv)
You are robust. (+10% HP)


Message History

The ball python closely misses you. x2
You barely miss the ball python.
The ball python is moderately wounded.
The ball python bites you but does no damage.
The ball python barely misses you.
You hit the ball python.
You kill the ball python!
Okawaru accepts your kill.
No target in view!
No target in view!
No target in view!
An orc comes into view. It is wielding a +0 hand axe.
The orc shouts!
The orc throws a tomahawk.
The tomahawk hits you.
Throwing (i - inventory. (/) - cycle)
q - 718 stones (quivered)
Press: ? - help, Shift-Dir - straight line, f - orc
Aim: an orc, wielding a +0 hand axe You throw a stone.
The stone hits the orc.
The orc is lightly wounded.
The orc throws a tomahawk.
The tomahawk hits you but does no damage.
An orc comes into view.
Throwing (i - inventory. (/) - cycle)
q - 717 stones (quivered)
Press: ? - help, Shift-Dir - straight line, f/p - orc
Aim: an orc, wielding a +0 hand axe (lightly wounded)
You throw a stone.
The stone hits the orc but does no damage.
The orc is lightly wounded.
The orc throws a tomahawk.
The tomahawk closely misses you.
You start resting.
You sense a monster nearby.
You don't know any spells.
Okay, then.
The orc throws a tomahawk.
The tomahawk closely misses you.
The orc throws a tomahawk.
The tomahawk misses you.
The orc throws a tomahawk.
The tomahawk hits you but does no damage.
You start resting.
The orc is too close now for your liking.
Throwing (i - inventory. (/) - cycle)
q - 716 stones (quivered)
Press: ? - help, Shift-Dir - straight line, f/p - orc
Aim: an orc, wielding a +0 hand axe (lightly wounded)
You throw a stone. The stone hits the orc.
The orc is heavily wounded.
You closely miss the orc.
The orc is heavily wounded.
The orc barely misses you.
You hit the orc.
You kill the orc!
Okawaru accepts your kill.
No target in view!
No target in view!
No target in view!
You start resting.
The orc is too close now for your liking.
Throwing (i - inventory. (/) - cycle)
q - 715 stones (quivered)
Press: ? - help, Shift-Dir - straight line, f - orc
Aim: an orc, wearing a +0 leather armour (hasn't noticed you)
You throw a stone. The stone barely misses the orc.
The orc shouts!
You hit the orc but do no damage.
An orc priest comes into view. It is wielding a +0 mace.
You hit the orc but do no damage.
The orc priest calls down the wrath of Beogh upon you.
Beogh smites you! The orc closely misses you.
You hit the orc.
The orc is heavily wounded.
The orc misses you.
You barely miss the orc.
The orc is heavily wounded.
The orc hits you but does no damage.
The orc priest calls down the wrath of Beogh upon you.
Beogh smites you!
You are too injured to fight recklessly!
You are too injured to fight recklessly!
You are too injured to fight recklessly!
You swap places.
The orc closely misses your iron imp.
Your iron imp barely misses the orc.
An orc comes into view. It is wielding a +0 dagger.
The orc hits your iron imp.
Your iron imp hits the orc!
The orc dies!
Okawaru accepts your kill.
Your iron imp hits the orc priest!
The orc hits your iron imp with a +0 dagger.
The orc priest hits your iron imp but does no damage.
Your iron imp hits the orc!
The orc dies!
Okawaru accepts your kill.
The orc priest mumbles some strange prayers to Beogh against you.
Beogh smites you!
* * * LOW HITPOINT WARNING * * *
Your iron imp barely misses the orc priest.
Something hits your iron imp but does no damage.
Your iron imp hits the orc priest!
Your iron imp hits the orc priest.
The orc priest hits your iron imp with a +0 mace!
Your iron imp dies!
The orc priest calls down the wrath of Beogh upon you.
Beogh smites you!
You die...

###########
#..@......#
#.#######o# #.#
#.# #.# #.# #.#
#5#
#.#######o#####
#.##.o5...).....
#.##.####.....o.
#.##.# #..####.


You could see an orc priest.

Vanquished Creatures
  2 adders
  A worm (D:2)
  3 dart slugs
  4 leopard geckos
  An orc (D:3)
  2 bats (D:2)
  4 giant cockroaches (D:1)
  6 goblins
  13 hobgoblins
  A quokka (D:3)
  2 ball pythons
  5 frilled lizards
  7 kobolds
  4 rats
55 creatures vanquished.

Vanquished Creatures (collateral kills)
  Jessica (D:3)
  2 orcs (D:3)
  A hobgoblin (D:3)
4 creatures vanquished.

Grand Total: 59 creatures vanquished

Notes
Turn   | Place    | Note
-------+----------+-------------------------------------------
     0 | D:1      | MisterOstroum the Demonspawn Archaeologist began the quest
                  | for the Orb.
     0 | D:1      | Reached XP level 1. HP: 15/15 MP: 1/1
    32 | D:1      | Reached skill level 1 in Maces & Flails
    61 | D:1      | Gained mutation: A weak demonic guardian rushes to your
                  | aid. [demonic ancestry]
    61 | D:1      | Reached XP level 2. HP: 10/22 MP: 2/2
  1088 | D:1      | Gained mutation: You have a pair of small antennae on your
                  | head. [demonic ancestry]
  1088 | D:1      | Reached XP level 3. HP: 27/28 MP: 3/3
  1700 | D:2      | Found an iron altar of Okawaru.
  1715 | D:2      | Became a worshipper of Warmaster Okawaru
  1732 | D:2      | Reached skill level 1 in Long Blades
  1805 | D:2      | Found a burning altar of Makhleb.
  3016 | D:2      | HP: 1/29 [worm (5)]
  3430 | D:2      | Gained mutation: You have supernaturally acute eyesight.
                  | (SInv) [potion of mutation]
  3430 | D:2      | Gained mutation: You are robust. (+10% HP) [potion of
                  | mutation]
  3440 | D:2      | Gained mutation: You are slightly more attuned to the
                  | shadows. [demonic ancestry]
  3440 | D:2      | Reached XP level 4. HP: 9/38 MP: 4/4
  3692 | D:3      | Noticed Jessica
  3704 | D:3      | Killed Jessica
  4058 | D:3      | Killed from afar by an orc priest

Skill      XL: |  1  2  3  4 |
---------------+-------------+-----
Maces & Flails | 1 |  1.1
Fighting       | 2 3 |  3.4
Long Blades    | 2 3 |  3.3
Dodging        | |  2.6
Stealth        | |  3.0

Action                   |  1- 3 |  4- 6 || total
-------------------------+-------+-------++-------
Melee: Whip              |    12 |       ||    12
       Spear             |   276 |       ||   276
       Dagger            |    64 |     3 ||    67
       Short sword       |       |    40 ||    40
Throw: Javelin           |     4 |       ||     4
       Stone             |    28 |     9 ||    37
  Use: Scroll            |     7 |       ||     7
       Potion            |     5 |       ||     5
 Stab: Distracted        |     2 |       ||     2
       Sleeping          |     1 |     2 ||     3
  Eat: Chunk             |     7 |     7 ||    14
       Ration            |     1 |       ||     1
Armor: Robe              |    95 |    13 ||   108
Dodge: Dodged            |   202 |    34 ||   236
